 Dungeon Crawl Stone Soup version 0.22-a0-409-gb855193 (webtiles) character file.

111 4thArraOfDagon the Firebug (level 4, -1/27 HPs)
             Began as an Octopode Fire Elementalist on May 10, 2018.
             Slain by a bullfrog skeleton (3 damage)
             ... on level 5 of the Dungeon.
             The game lasted 00:02:42 (604 turns).

4thArraOfDagon the Firebug (OpFE)                    Turns: 604, Time: 00:02:42

Health: -1/27      AC:  1    Str:  7    XL:     4   Next: 92%
Magic:  0/7        EV: 13    Int: 18    God:
Gold:   94         SH:  3    Dex: 12    Spells: 4/8 levels left

rFire    . . .     SeeInvis .   i - +0 spear
rCold    . . .     Gourm    .   (no shield)
rNeg     + . .     Faith    .   (helmet restricted)
rPois    .         Spirit   .   j - amulet "Foesuqel" {Reflect +Fly rN+ SH+3}
rElec    .         Reflect  +   (no ring)
rCorr    .         Harm     .   (no ring)
MR       .....                  (no ring)
Stlth    +++.......             (no ring)
HPRegen  0.09/turn              (no ring)
MPRegen  0.10/turn              (no ring)
                                (no ring)
                                (no ring)

@: hasted, very quick
A: almost no armour, stealthy swim, amphibious, 8 rings, constrict 8, camouflage
1, gelatinous body 1
a: Evoke Flight


You were on level 5 of the Dungeon.
You were not hungry.

You visited 1 branch of the dungeon, and saw 5 of its levels.

You collected 94 gold pieces.

Inventory:

Hand Weapons
 i - a +0 spear (weapon)
Jewellery
 j - the amulet "Foesuqel" (around mantle) {Reflect +Fly rN+ SH+3}
   (You found it on level 4 of the Dungeon)

   [amulet of reflection]

   It shields you and reflects attacks.
   It protects you from negative energy.
   It lets you fly.
   It affects your SH (+3).
Scrolls
 d - 4 scrolls of amnesia {unknown}
 e - 3 scrolls of teleportation {unknown}
 f - 2 scrolls of blinking {unknown}
 g - a scroll of magic mapping {unknown}
 k - 3 scrolls of fear {unknown}
Potions
 a - a potion of brilliance {unknown}
Comestibles
 b - 5 rations
 l - a chunk of flesh


   Skills:
 - Level 2.0 Dodging
 - Level 2.6 Stealth
 + Level 2.6 Spellcasting
 * Level 2.9 Conjurations
 * Level 4.1 Fire Magic


You had 4 spell levels left.
You knew the following spells:

 Your Spells              Type           Power        Failure   Level  Hunger
a - Flame Tongue          Conj/Fire      ###..        4%          1    #......
b - Conjure Flame         Conj/Fire      ###.....     12%         3    ###....


Dungeon Overview and Level Annotations

Branches:
Dungeon (3/15)

Altars:
Trog
The Shining One

Annotations:
D:3 Ijyb


Innate Abilities, Weirdness & Mutations

You cannot wear most types of armour.
You are very stealthy in the water. (Stealth+)
You are amphibious.
You can wear up to eight rings at the same time.
You can use your tentacles to constrict eight enemies at once.
Your skin changes colour to match your surroundings (Stealth+).
Your rubbery body absorbs attacks. (AC +1, EV +1)


Message History

There is a large open door here.
Unknown command.
Unknown command.
You hit the centaur zombie but do no damage.
You squeeze the centaur zombie.
The centaur zombie is almost destroyed.
The bullfrog skeleton hits you.
* * * LOW HITPOINT WARNING * * *
The centaur zombie is engulfed in blazing flames.
You destroy the centaur zombie!
Your Fire Magic skill increases to level 4!
Unknown command.
Unknown command.
Unknown command.
You hit the bullfrog skeleton. You grab the bullfrog skeleton.
The bullfrog skeleton is lightly damaged.
You constrict the bullfrog skeleton.
The bullfrog skeleton is engulfed in blazing flames.
The bullfrog skeleton hits you.
You die...

#........[.........#.#
#..................#.#
##..."............##.#
##..............##..#
##............##Z.##
##..........##Z.##
##........##..##
####''####..##
#@Z.....## #########


You could see a bullfrog skeleton.

Vanquished Creatures
  A centaur zombie (D:5)
  A worker ant (D:5)
  4 adders
  An ooze (D:1)
  An adder skeleton (D:5)
  A giant cockroach (D:2)
  A goblin (D:1)
  2 quokkas
  2 bats
  A frilled lizard (D:3)
15 creatures vanquished.

Notes
Turn   | Place    | Note
-------+----------+-------------------------------------------
     0 | D:1      | 4thArraOfDagon the Octopode Fire Elementalist began the quest for the Orb.
     0 | D:1      | Reached XP level 1. HP: 11/11 MP: 3/3
    88 | D:1      | Reached XP level 2. HP: 17/17 MP: 5/5
   131 | D:3      | Noticed Ijyb
   273 | D:3      | Found a bloodstained altar of Trog.
   358 | D:3      | Found a glowing golden altar of the Shining One.
   363 | D:3      | Reached XP level 3. HP: 16/21 MP: 3/6
   368 | D:3      | Learned a level 3 spell: Conjure Flame
   402 | D:3      | You fall through a shaft!
   409 | D:4      | Got a shimmering graven amulet
   410 | D:4      | Identified the amulet "Foesuqel" {Reflect +Fly rN+ SH+3} (You found it on level 4 of the Dungeon)
   456 | D:4      | You fall through a shaft!
   456 | D:5      | Entered Level 5 of the Dungeon
   469 | D:5      | Reached XP level 4. HP: 15/27 MP: 2/7
   602 | D:5      | Reached skill level 4 in Fire Magic
   604 | D:5      | Slain by a bullfrog skeleton

Vault maps used:
D:1:      dpeg_arrival_radiant, serial_glass, glass_columns_b, glass_columns_b,
          minivault_19, minmay_misc_feat_square
D:2:      chequers_ecumenical_altar_simple, minmay_pentomino_s4, uniq_sigmund
D:3:      nicolae_tso_carved_into_rock, trog_three_pillars_becter, uniq_natasha,
          uniq_ijyb
D:4:      first_ration, okawaru_gym_becter, uniq_grinder
D:5:      kennysheep_cross_room

Skill      XL: |  1  2  3  4 |
---------------+-------------+-----
Conjurations   | 2 |  2.9
Fire Magic     | 4 |  4.1
Dodging        | |  2.0
Stealth        | |  2.6
Spellcasting   | |  2.6

Action                   |  1- 3 |  4- 6 || total
-------------------------+-------+-------++-------
Melee: Unarmed           |     9 |       ||     9
       Constrict         |     7 |     3 ||    10
       Tentacles         |     4 |     3 ||     7
       Spear             |     4 |    15 ||    19
 Cast: Flame Tongue      |    13 |     4 ||    17
       Conjure Flame     |       |     1 ||     1
  Use: Potion            |       |     3 ||     3
 Stab: Sleeping          |     3 |       ||     3
Armor: Skin              |     2 |     1 ||     3
Dodge: Dodged            |    10 |     6 ||    16
Block: Other             |     1 |     2 ||     3

Table legend:
 A = Spawn XP
 B = Non-spawn XP
 C = Spawn XP percentage of total XP
 D = Spawn monster count
 E = Non-spawn monster count
 F = Spawn count percentage of total count
 G = Total turns spent on level
                    A         B        C        D         E        F      G
               +---------+---------+-------+---------+---------+-------+---------
         Total |       0 |     159 |   0.0 |       0 |      15 |   0.0 |   604
               +---------+---------+-------+---------+---------+-------+---------
           D:1 |       0 |      10 |   0.0 |       0 |       3 |   0.0 |   109
           D:2 |       0 |       6 |   0.0 |       0 |       3 |   0.0 |   100
           D:3 |       0 |      28 |   0.0 |       0 |       3 |   0.0 |   193
           D:4 |       0 |      13 |   0.0 |       0 |       1 |   0.0 |    54
           D:5 |       0 |     102 |   0.0 |       0 |       5 |   0.0 |   148
               +---------+---------+-------+---------+---------+-------+---------
